 Dungeon Crawl Stone Soup version 0.29.1-12-g30fa7ad0bf (webtiles) character file.

Game seed: 2986111234726083565

34069 Sanktem7 the Warrior (level 13, 0/134 HPs)
             Began as a Minotaur Fighter on Dec 26, 2022.
             Was the Champion of Okawaru.
             Slain by an eight-headed hydra (2 damage)
             ... while petrified by a basilisk
             ... on level 5 of the Lair of Beasts.
             The game lasted 00:42:34 (16461 turns).

Sanktem7 the Warrior (Minotaur Fighter)            Turns: 16461, Time: 00:42:34

Health: 0/134      AC: 26    Str: 25    XL:     13   Next: 40%
Magic:  12/12      EV:  2    Int:  5    God:    Okawaru [******]
Gold:   1136       SH:  0    Dex: 11    Spells: 12/12 levels left

rFire   + . .      SeeInvis +   f - +2 great mace (protect) {mace}
rCold   . . .      Faith    .   (shield currently unavailable)
rNeg    + + +      Spirit   .   E - +1 plate armour {rC+}
rPois   ∞          Reflect  +   (helmet unavailable)
rElec   .          Harm     .   v - +0 cloak {rPois}
rCorr   .          Rampage  .   i - +0 pair of gloves
Will    .....                   A - +1 pair of boots of the Everdark {rF+ rC- SInv Stlth+}
Stlth   ..........              b - amulet of reflection
HPRegen 0.32/turn               c - +4 ring of evasion
MPRegen 0.13/turn               u - ring of positive energy

@: lethally poisoned (0 -> 0), about to teleport, petrified, under a protective
aura
A: horns 3, retaliatory headbutt, noise suppression
a: Renounce Religion, Heroism, Finesse, Duel


You were on level 5 of the Lair of Beasts.
You worshipped Okawaru.
Okawaru was exalted by your worship.
You visited 3 branches of the dungeon, and saw 16 of its levels.
You also visited: Gauntlet.

You collected 1136 gold pieces.


Innate Abilities, Weirdness & Mutations

You have a pair of large horns on your head.
You reflexively headbutt those who attack you in melee.
You passively dampen the noise of your surroundings.


   Skills:
 * Level 18.0 Fighting
 - Level 14.0 Maces & Flails
 * Level 13.2 Ranged Weapons
 - Level 8.0 Armour
 - Level 3.6 Shields


You had 12 spell levels left.
You didn't know any spells.
Your spell library contained the following spells:

 Spells                   Type           Power      Damage    Failure   Level
 Poisonous Vapours        Pois/Air       0%         N/A       100%        2
 Gell's Gravitas          Tloc           0%         N/A       100%        3
 Lesser Beckoning         Tloc           0%         N/A       100%        3
 Stone Arrow              Conj/Erth      0%         3d7       100%        3
 Teleport Other           Tloc           0%         N/A       100%        3
 Corpse Rot               Necr/Pois/Air  0%         N/A       100%        4
 Hailstorm                Conj/Ice       0%         3d3       100%        4
 Ice Form                 Ice/Tmut       0%         N/A       100%        4
 Iskenderun's Battlesphe  Conj           0%         2d6       100%        5
 Iron Shot                Conj/Erth      0%         9d1       100%        6
 Shatter                  Erth           0%         3d5*      100%        9
 Summon Forest            Summ/Tloc      Unusable   N/A       N/A         5
 Summon Mana Viper        Hex/Summ       Unusable   N/A       N/A         5
 Simulacrum               Ice/Necr       Unusable   N/A       N/A         6
 Summon Cactus Giant      Summ           Unusable   N/A       N/A         6
 Spellforged Servitor     Conj/Summ      Unusable   N/A       N/A         7

Inventory:

Hand Weapons
 f - a +2 great mace of protection (weapon) {mace}
   (Okawaru gifted it to you on level 2 of the Lair of Beasts)
 r - the +10 shortbow of Miat {venom, rN++ Dex+2, bow}
   (You found it on level 3 of the Dungeon)

   Any ammunition fired from it poisons the flesh of those it strikes.
   Dex:       It affects your dexterity (+2).
   rN:        It greatly protects you from negative energy.
Missiles
 n - 29 poisoned darts (quivered) {throwing}
 o - 22 stones {throwing}
 w - 3 javelins {throwing}
Armour
 i - a +0 pair of gloves (worn)
   (You found it on level 3 of the Dungeon)
 l - a +0 pair of boots
   (You found it on level 2 of the Lair of Beasts)
 v - a +0 cloak of poison resistance (worn)
   (You found it on level 3 of the Lair of Beasts)
 A - the +1 pair of boots of the Everdark (worn) {rF+ rC- SInv Stlth+}
   (Okawaru gifted it to you on level 5 of the Lair of Beasts)

   rF:        It protects you from fire.
   rC:        It makes you vulnerable to cold.
   SInv:      It lets you see invisible.
   Stlth:     It makes you more stealthy.
 E - a +1 plate armour of cold resistance (worn)
   (You found it on level 3 of the Lair of Beasts)
Jewellery
 b - an amulet of reflection (around neck)
   (You found it on level 8 of the Dungeon)
 c - a +4 ring of evasion (left hand)
   (You found it on level 2 of the Dungeon)
 u - a ring of positive energy (right hand)
   (You found it on level 3 of the Dungeon)
Wands
 a - a wand of flame (31)
   (You took it off Ijyb on level 5 of the Dungeon)
 g - a wand of iceblast (13)
   (You found it on level 4 of the Lair of Beasts)
 z - a wand of polymorph (20)
   (You took it off Pikel on level 5 of the Dungeon)
Scrolls
 k - 4 scrolls of fear
 m - 2 scrolls of vulnerability {!r!r}
 q - 3 scrolls of teleportation {@r4}
 s - a scroll of enchant weapon
 y - 4 scrolls of identify {@r1}
 B - a scroll of poison {!r}
Potions
 d - 8 potions of might
 e - 2 potions of magic
 h - 2 potions of berserk rage {!q}
 j - a potion of heal wounds {@q2}
 p - 3 potions of flight
 t - 2 potions of degeneration {!q@e2}
 x - 4 potions of brilliance
 C - 3 potions of resistance
 F - 4 potions of attraction {!q}
 G - 2 potions of mutation {!q}

Dungeon Overview and Level Annotations

Branches:
Dungeon (10/15) Zot: 25994  Temple (1/1) D:5 Zot: 5976    Lair (5/5) D:10 Zot: 23581
 Shoals (0/4) Lair:2        Snake (0/4) Lair:2      Gauntlet (visited)
  Slime: Lair:4-5       Orc: D:9-12

Altars:
Ashenzari
Cheibriados
Dithmenos
Elyvilon
Fedhas
Gozag
Hepliaklqana
Kikubaaqudgha
Nemelex Xobeh
Okawaru
Qazlal
Ru
Sif Muna
Trog
Vehumet
Wu Jian
Xom
Yredelemnul
Zin
The Shining One

Shops:
D:4

*
...........................
......#.#.#.#.#§...........
................##.........
......#.......#...#........
.......†........##.........
......#.......##...........
#..............#...♣..÷♣..
#P#..#..D....#....♣.....♣.
#.....S@.F........♣.♣...
#P..#.#.#§#.#.......<....
########...#...P..P♣.♣...
###...##..♣....P♣.
#....#....♣...♣..
####.............
#...##.........
######.....#### #........##


You could see an eight-headed hydra, a blink frog and a water moccasin.


Message History

You headbutt the basilisk! 😨 HP[-11]
You take 11 damage, and now have 53/134 hp.
You hit the eight-headed hydra.
The water moccasin bites you but does no damage.
You block the blink frog's attack.
The eight-headed hydra bites you but does no damage. x3
The eight-headed hydra barely misses you.
The eight-headed hydra bites you but does no damage.
The eight-headed hydra barely misses you.
The eight-headed hydra closely misses you.
You block the eight-headed hydra's attack.
The basilisk closely misses you.
The eight-headed hydra attacks as you move away!
The eight-headed hydra bites you!
* * * LOW HITPOINT WARNING * * *
The eight-headed hydra barely misses you.
You block the eight-headed hydra's attack.
The eight-headed hydra bites you but does no damage.
The eight-headed hydra bites you.
* * * LOW HITPOINT WARNING * * *
The eight-headed hydra bites you but does no damage.
The eight-headed hydra closely misses you.
The eight-headed hydra bites you but does no damage.
The basilisk attacks as you move away! The basilisk bites you.
* * * LOW HITPOINT WARNING * * *
The basilisk gazes at you.
You easily resist.
The water moccasin bites you but does no damage. 😨 HP[-17]
You take 17 damage, and now have 36/134 hp.
The blink frog attacks as you move away!
The blink frog hits you but does no damage.
The blink frog blinks! x2 😨 HP[+1]
You barely miss the blink frog. Your headbutt misses the blink frog.
The water moccasin bites you but does no damage.
The blink frog hits you but does no damage.
The basilisk gazes at you.
You are slowing down.
As you read the scroll of teleportation {@r4}, it crumbles to dust.
You feel strangely unstable. The water moccasin bites you!
* * * LOW HITPOINT WARNING * * *
You are poisoned.
The water moccasin poisons you! The blink frog barely misses you.
You furiously retaliate!
You headbutt the blink frog!
The water moccasin bites you but does no damage.
You block the eight-headed hydra's attack.
The eight-headed hydra barely misses you.
You block the eight-headed hydra's attack.
The eight-headed hydra bites you but does no damage. x2
The eight-headed hydra bites you.
* * * LOW HITPOINT WARNING * * *
The eight-headed hydra closely misses you.
The eight-headed hydra bites you.
The blink frog blinks!
The blink frog barely misses you.
Your limbs are stiffening. 😱 HP[-5]
You take 5 damage, and now have 32/134 hp.
You crush the basilisk like a grape!!!
Your weapon exudes an aura of protection.
You kill the basilisk!
Okawaru accepts your kill.
You feel very sick. The water moccasin closely misses you.
You furiously retaliate!
You headbutt the water moccasin!
The blink frog hits you but does no damage.
The eight-headed hydra bites you.
* * * LOW HITPOINT WARNING * * *
The eight-headed hydra bites you.
* * * LOW HITPOINT WARNING * * *
The eight-headed hydra bites you but does no damage. x2
The eight-headed hydra bites you.
* * * LOW HITPOINT WARNING * * *
The eight-headed hydra completely misses you.
The eight-headed hydra bites you!
* * * LOW HITPOINT WARNING * * *
The eight-headed hydra bites you but does no damage.
You block the water moccasin's attack. The blink frog hits you!
* * * LOW HITPOINT WARNING * * *
The blink frog blinks!
The eight-headed hydra bites you but does no damage. x2
The eight-headed hydra barely misses you.
You block the eight-headed hydra's attack.
The eight-headed hydra bites you but does no damage. x2
The eight-headed hydra closely misses you.
The eight-headed hydra bites you but does no damage.
The water moccasin bites you but does no damage.
You have turned to stone.
Your Fighting skill increases to level 18!
The blink frog blinks!
The water moccasin bites you but does no damage.
The eight-headed hydra bites you!
* * * LOW HITPOINT WARNING * * *
The eight-headed hydra bites you but does no damage. x3
The eight-headed hydra barely misses you.
The eight-headed hydra bites you but does no damage.
The eight-headed hydra bites you.
You die...

Skill      XL: |  1  2  3  4  5  6  7  8  9 10 11 12 13 |
---------------+----------------------------------------+-----
Fighting       | 4 5 6 7 9 10 12 14 17 18 | 18.0
Maces & Flails | 3 4 5 6 7 8 10 12 14 | 14.0
Armour         | 4 5 6 8 |  8.0
Ranged Weapons | 1 3 4 5 7 9 12 13 | 13.2
Shields        | |  3.6

Action                   |  1- 3 |  4- 6 |  7- 9 | 10-12 | 13-15 || total
-------------------------+-------+-------+-------+-------+-------++-------
Melee: Flail             |    64 |    25 |       |       |       ||    89
       Headbutt          |     9 |     3 |     7 |    46 |    14 ||    79
       Mace              |       |       |    25 |       |       ||    25
       Unarmed           |       |       |    13 |       |       ||    13
       Punch             |       |       |     1 |       |       ||     1
       Dire flail        |       |       |    20 |   206 |       ||   226
       Great mace        |       |       |       |    58 |    78 ||   136
 Fire: Shortbow          |       |    40 |   203 |   223 |    59 ||   525
Throw: Dart              |       |       |       |     3 |       ||     3
  Use: Scroll            |       |       |    20 |     4 |     1 ||    25
       Potion            |       |       |       |     7 |       ||     7
 Stab: Petrified         |       |       |       |     2 |       ||     2
Armor: Ring mail         |    24 |    21 |    42 |    82 |       ||   169
       Scale mail        |     1 |       |       |       |       ||     1
       Skin              |       |       |     1 |       |       ||     1
       Plate armour      |       |       |       |    25 |   157 ||   182
Dodge: Dodged            |    34 |    29 |    77 |   216 |    76 ||   432
Block: Buckler           |    15 |    12 |       |       |       ||    27
       Other             |       |       |       |    54 |    31 ||    85
       Reflection        |       |       |       |     4 |       ||     4

Levels and vault maps discovered:
D:1:      amcnicky_arrival_wind_blow, layout_basic
D:2:      layout_basic, ebering_ecumenical_altar_box
D:3:      layout_basic, nicolae_ashenzari_skybound, zin_angel, uniq_grinder
D:4:      layout_basic, marbit_many_paths, kiku_gazebo_garden_becter,
          nicolae_dithmenos_the_darkroom, minmay_shop_damaged
D:5:      layout_basic, fedhas_altar_decomposition,
          minmay_temple_entry_crystal_x, uniq_ijyb, uniq_pikel
D:6:      layout_gridville, kennysheep_mini, mainiacjoe_overflow_chevrons,
          lemuel_doored_altar, nicolae_overflow_two_pavilions
D:7:      layout_basic, mainiacjoe_overflow_alcove_2, serial_co_window_serial,
          co_window_paths_a, co_window_paths_b, co_window_of_opportunity_a,
          co_window_corner_a, co_window_paths_b, co_window_paths_a,
          co_window_cross_1, co_window_cross_1, co_window_corner_a,
          co_window_2corner, co_window_of_opportunity_c, co_window_corner_ca,
          co_window_2corner, co_window_broadway_a, glass_columns_c,
          glass_columns_c, glass_columns_a, glass_columns_c, glass_columns_b,
          chequers_jeans, uniq_menkaure
D:8:      layout_basic, uniq_psyche
D:9:      layout_basic, trog_ov_bears_minmay
D:10:     minmay_goldmine, layout_long_grid, mainiacjoe_overflow_alcove_4,
          amcnicky_altar_gilded, lair_entry_dummy
Temple:   nicolae_temple_great_sept
Lair:1:   layout_hall_layers
Lair:2:   nzn_winding_woodlands_stair_trap [nzn_winding_woodlands_5x15_default,
          nzn_winding_woodlands_5x15_sawtooth,
          nzn_winding_woodlands_5x15_pockets,
          nzn_winding_woodlands_15x15_killbox,
          nzn_winding_woodlands_5x15_garden, nzn_winding_woodlands_5x15_twine,
          nzn_winding_woodlands_5x15_longhouse], layout_hall_layers,
          minmay_shoals_entry_centaurs, guppyfry_snake_entry_island, uniq_harold
Lair:3:   gammafunk_cloud_chamber, layout_hall_layers
Lair:4:   layout_regular_city, gauntlet_entry_generic, pond
Lair:5:   minmay_lair_end_frog_pond, layout_gridlike, minmay_slime_entry_eyes,
          st_stairs_4, grunt_forest_stairs_basic, nicolae_quartered_pool_little,
          serial_bayou_shore_b

Notes
Turn   | Place    | Note
-------+----------+-------------------------------------------
     0 | D:1      | Sanktem7 the Minotaur Fighter began the quest for the Orb.
     0 | D:1      | Reached XP level 1. HP: 19/19 MP: 0/0
     0 | D:1      | magus.rc [v1.9.6]
   125 | D:1      | You fall into a shaft and drop 1 floor!
   162 | D:2      | Reached XP level 2. HP: 9/27 MP: 1/1
   193 | D:2      | Reached skill level 4 in Fighting
   350 | D:2      | Reached skill level 3 in Maces & Flails
   365 | D:2      | Found a faded altar of an unknown god.
   403 | D:2      | Identified the +2 spear "Qyell" {vorpal, rPois Str+2 Dex-5}
   938 | D:2      | Reached skill level 4 in Armour
  1019 | D:2      | Reached XP level 3. HP: 33/33 MP: 2/2
  1147 | D:3      | Identified the +10 shortbow of Miat {venom, rN++ Dex+2}
  1171 | D:3      | Noticed Grinder
  1186 | D:3      | Killed Grinder
  1187 | D:3      | Reached skill level 5 in Fighting
  1187 | D:3      | Reached skill level 4 in Maces & Flails
  1187 | D:3      | Reached XP level 4. HP: 26/42 MP: 3/3
  1187 | D:3      | Reached XP level 5. HP: 30/49 MP: 4/4
  1426 | D:3      | Found a broken altar of Ashenzari.
  1649 | D:3      | Found a glowing silver altar of Zin.
  1649 | D:3      | Noticed an angel
  1889 | D:4      | Found an ancient bone altar of Kikubaaqudgha.
  1903 | D:4      | Reached skill level 5 in Maces & Flails
  1988 | D:4      | Noticed a steam dragon
  1996 | D:4      | Killed a steam dragon
  1997 | D:4      | Reached skill level 6 in Fighting
  1997 | D:4      | Reached skill level 1 in Ranged Weapons
  1997 | D:4      | Reached skill level 5 in Armour
  1997 | D:4      | Reached XP level 6. HP: 42/57 MP: 5/5
  2106 | D:4      | Found a shadowy altar of Dithmenos.
  2169 | D:4      | Found a snail-covered altar of Cheibriados.
  2451 | D:4      | Reached skill level 6 in Maces & Flails
  2451 | D:4      | Reached XP level 7. HP: 61/64 MP: 6/6
  2473 | D:4      | Found Ruifuz's Lightly-Used Armoury.
  2578 | D:4      | Reached skill level 2 in Ranged Weapons
  2632 | D:5      | Entered Level 5 of the Dungeon
  2649 | D:5      | Noticed Ijyb
  2653 | D:5      | Killed Ijyb
  3019 | D:5      | Noticed Pikel
  3038 | D:5      | Killed Pikel
  3039 | D:5      | Reached skill level 7 in Fighting
  3039 | D:5      | Reached skill level 7 in Maces & Flails
  3039 | D:5      | Reached skill level 3 in Ranged Weapons
  3039 | D:5      | Reached skill level 6 in Armour
  3039 | D:5      | Reached XP level 8. HP: 69/74 MP: 7/7
  3255 | D:5      | Reached skill level 8 in Fighting
  3368 | D:5      | Found a staircase to the Ecumenical Temple.
  3375 | Temple   | Entered the Ecumenical Temple
  3385 | Temple   | Became a worshipper of Warmaster Okawaru
  3565 | D:5      | Found a blossoming altar of Fedhas.
  3982 | D:5      | Reached skill level 8 in Maces & Flails
  3987 | D:5      | Reached * piety under Okawaru
  4004 | D:5      | Reached skill level 4 in Ranged Weapons
  4136 | D:6      | Reached skill level 9 in Fighting
  4232 | D:6      | Reached XP level 9. HP: 83/83 MP: 8/8
  4239 | D:6      | Reached skill level 7 in Armour
  4320 | D:6      | Found a stormy altar of Qazlal.
  4320 | D:6      | Found an opulent altar of Gozag.
  4343 | D:6      | Found a hazy altar of Hepliaklqana.
  4415 | D:6      | Found a shimmering altar of Xom.
  4469 | D:6      | Found a glowing golden altar of the Shining One.
  4612 | D:6      | Reached skill level 9 in Maces & Flails
  4615 | D:6      | Reached ** piety under Okawaru
  4975 | D:7      | Noticed Menkaure
  4982 | D:7      | Killed Menkaure
  4983 | D:7      | Reached skill level 10 in Fighting
  5011 | D:7      | Reached skill level 5 in Ranged Weapons
  5128 | D:7      | Identified the +4 hand axe "Muemoo" {holy, rF- Dex+6}
  5349 | D:7      | You pick up a book of Power and begin reading...
  5349 | D:7      | You add the spells Iskenderun's Battlesphere and Iron Shot
                  | to your library.
  5588 | D:7      | Found a white marble altar of Elyvilon.
  5960 | D:7      | Reached skill level 10 in Maces & Flails
  5996 | D:7      | Noticed a komodo dragon
  6006 | D:7      | Killed a komodo dragon
  6605 | D:8      | Noticed Psyche
  6610 | D:8      | Killed Psyche
  6610 | D:8      | Reached *** piety under Okawaru
  6611 | D:8      | Reached skill level 8 in Armour
  6611 | D:8      | Reached XP level 10. HP: 94/94 MP: 9/9
  6618 | D:8      | Reached skill level 11 in Fighting
  6733 | D:8      | Reached skill level 6 in Ranged Weapons
  6756 | D:8      | You pick up a book of Displacement and begin reading...
  6756 | D:8      | You add the spells Lesser Beckoning, Gell's Gravitas and
                  | Teleport Other to your library.
  6777 | D:8      | Reached skill level 11 in Maces & Flails
  7186 | D:9      | Noticed a manticore
  7193 | D:8      | Reached **** piety under Okawaru
  7583 | D:9      | Killed a manticore
  7727 | D:9      | Found a bloodstained altar of Trog.
  7731 | D:9      | Reached skill level 12 in Fighting
  7745 | D:9      | HP: 24/97 [yak (8)]
  7751 | D:9      | Reached skill level 12 in Maces & Flails
  7751 | D:9      | Reached ***** piety under Okawaru
  7765 | D:9      | HP: 23/99 [orc/+0 falchion (4)]
  8175 | D:9      | Reached skill level 7 in Ranged Weapons
  8506 | D:9      | Noticed a two-headed ogre
  8508 | D:9      | Identified the +0 hat of Follow the Leader {Will+} (Okawaru
                  | gifted it to you on level 9 of the Dungeon)
  8508 | D:9      | Received a gift from Okawaru
  8517 | D:9      | Killed a two-headed ogre
  8518 | D:9      | Reached XP level 11. HP: 50/105 MP: 10/10
  8522 | D:9      | HP: 26/105 [wraith (8)]
  8527 | D:9      | HP: 20/105 [wight/+3 falchion (5)]
  8537 | D:9      | HP: 24/105 [wight/+3 hand axe (5)]
  8970 | D:10     | Entered Level 10 of the Dungeon
  9017 | D:10     | Found an ornate altar of the Wu Jian Council.
  9024 | D:10     | You pick up a book of the Wilderness and begin reading...
  9106 | D:10     | Reached skill level 13 in Fighting
  9620 | D:10     | Found a shimmering blue altar of Sif Muna.
  9623 | D:10     | Reached skill level 13 in Maces & Flails
  9659 | D:10     | Found a staircase to the Lair.
  9975 | Lair:1   | Entered Level 1 of the Lair of Beasts
 10030 | Lair:1   | Noticed a seven-headed hydra
 10036 | Lair:1   | Killed a seven-headed hydra
 10090 | Lair:1   | Reached skill level 8 in Ranged Weapons
 10111 | Lair:1   | Noticed a boulder beetle
 10122 | Lair:1   | Killed a boulder beetle
 10211 | Lair:1   | Reached skill level 14 in Fighting
 10625 | Lair:1   | Reached skill level 14 in Maces & Flails
 10954 | Lair:1   | Received a gift from Okawaru
 11052 | Lair:1   | Identified the +1 scale mail of Grace {-Tele rC+ Int-3
                  | Dex+7}
 11251 | Lair:2   | Received a gift from Okawaru
 11275 | Lair:2   | Found a staircase to the Shoals.
 11304 | Lair:2   | Reached skill level 9 in Ranged Weapons
 11304 | Lair:2   | Reached XP level 12. HP: 81/118 MP: 11/11
 11507 | Lair:2   | Noticed a seven-headed hydra
 11514 | Lair:2   | Killed a seven-headed hydra
 11515 | Lair:2   | Reached skill level 15 in Fighting
 11520 | Lair:2   | Found a staircase to the Snake Pit.
 11604 | Lair:2   | Noticed Harold
 11615 | Lair:2   | Killed Harold
 12012 | Lair:2   | You pick up a book of the Tundra and begin reading...
 12012 | Lair:2   | You add the spells Hailstorm and Ice Form to your library.
 12065 | Lair:2   | You add the spells Poisonous Vapours, Stone Arrow, Corpse
                  | Rot and Shatter to your library.
 12065 | Lair:2   | Got Sif Muna's Folio of Foul Stones
 12296 | Lair:2   | Reached skill level 10 in Ranged Weapons
 12400 | Lair:2   | Noticed a death yak
 12400 | Lair:2   | Noticed a six-headed hydra
 12402 | Lair:2   | Noticed a four-headed hydra
 12421 | Lair:2   | Killed a six-headed hydra
 12421 | Lair:2   | Received a gift from Okawaru
 12444 | Lair:2   | HP: 30/122 [black mamba (9)]
 12450 | Lair:2   | Killed a death yak
 12454 | Lair:2   | HP: 20/122 [komodo dragon (7)]
 12459 | Lair:2   | Reached skill level 16 in Fighting
 12472 | Lair:2   | HP: 16/122 [water moccasin (1)]
 12474 | Lair:2   | Gained mutation: You have a pair of large horns on your
                  | head. [potion of mutation]
 12474 | Lair:2   | Gained mutation: You passively dampen the noise of your
                  | surroundings. [potion of mutation]
 12475 | Lair:2   | HP: 7/122 [poisoned by a water moccasin]
 12480 | Lair:2   | HP: 23/122 [poisoned by a water moccasin]
 12852 | Lair:2   | Killed a four-headed hydra
 12853 | Lair:2   | Reached skill level 11 in Ranged Weapons
 13244 | Lair:2   | Noticed a catoblepas
 13253 | Lair:2   | Killed a catoblepas
 13594 | Lair:3   | Identified the +6 mace "Dragonbane" {protect, rC+ rCorr
                  | Str-3} (Okawaru gifted it to you on level 3 of the Lair of
                  | Beasts)
 13594 | Lair:3   | Received a gift from Okawaru
 13739 | Lair:3   | Found a transporter.
 13839 | Lair:3   | Found a transporter.
 14116 | Lair:3   | Reached skill level 17 in Fighting
 14359 | Lair:4   | Reached skill level 12 in Ranged Weapons
 14386 | Lair:4   | Reached XP level 13. HP: 71/132 MP: 12/12
 14696 | Lair:4   | Found a gate leading to a gauntlet.
 14709 | Gauntlet | Entered a Gauntlet
 14709 | Gauntlet | Found a transporter.
 14717 | Gauntlet | Found a transporter.
 14719 | Gauntlet | Found a transporter.
 14734 | Gauntlet | Found a transporter.
 14736 | Gauntlet | Found a transporter.
 14738 | Gauntlet | Noticed a reaper
 15934 | Lair:5   | Entered Level 5 of the Lair of Beasts
 15947 | Lair:5   | Identified the +1 pair of boots of the Everdark {rF+ rC-
                  | SInv Stlth+} (Okawaru gifted it to you on level 5 of the
                  | Lair of Beasts)
 15947 | Lair:5   | Received a gift from Okawaru
 15971 | Lair:4   | Reached ****** piety under Okawaru
 15976 | Lair:4   | Reached skill level 13 in Ranged Weapons
 16459 | Lair:5   | HP: 33/134 [water moccasin (4)]
 16460 | Lair:5   | HP: 15/134 [eight-headed hydra (7)]
 16460 | Lair:5   | HP: 7/134 [blink frog (8)]
 16461 | Lair:5   | Reached skill level 18 in Fighting
 16461 | Lair:5   | HP: 2/134 [eight-headed hydra (5)]
 16461 | Lair:5   | Slain by an eight-headed hydra

Vanquished Creatures
  Harold (Lair:2)
  A boulder beetle (Lair:1)
  5 hydras
  A catoblepas (Lair:2)
  A two-headed ogre (D:9)
  4 death yaks
  Pikel (D:5)
  A manticore (D:9)
  9 black mambas
  A torpor snail (Lair:2)
  9 cane toads
  Psyche (D:8)
  11 komodo dragons
  An anaconda simulacrum (Lair:3)
  A rime drake (Lair:4)
  2 trolls (D:10)
  A polar bear (Lair:4)
  2 hornets
  Grinder (D:3)
  5 blink frogs (Lair:4)
  A dream sheep (Lair:2)
  A wraith (D:9)
  41 yaks
  2 wyverns
  A dire elephant simulacrum (Lair:3)
  2 steam dragons
  5 basilisks
  Menkaure (D:7)
  3 nagas (Lair:2)
  11 water moccasins
  3 orc warriors
  An ice beast (D:7)
  2 ogres
  3 black bears
  3 wolves (Lair:2)
  4 centaurs
  4 lemures (D:5)
  3 phantoms (D:5)
  2 kobold brigands
  5 bullfrogs
  A gnoll sergeant (D:7)
  6 necrophages (D:5)
  14 wights
  2 scorpions
  A blink frog simulacrum (Lair:3)
  7 killer bees
  10 howler monkeys
  A komodo dragon simulacrum (Lair:3)
  6 hounds
  5 jellies
  An orc priest (D:10)
  Ijyb (D:5)
  3 iguanas (D:4)
  7 orc wizards
  4 adders
  5 gnolls (D:7)
  2 white imps
  An ufetubus (D:7)
  2 worms (D:2)
  2 dart slugs
  24 orcs
  2 endoplasms
  3 giant cockroaches
  10 goblins
  3 hobgoblins (D:4)
  7 jackals
  15 kobolds
  3 quokkas
  6 ball pythons
  3 bats
  2 frilled lizards
  3 rats
319 creatures vanquished.

Vanquished Creatures (others)
  11 fungi
  96 plants
  2 withered plants (D:4)
109 creatures vanquished.

Grand Total: 428 creatures vanquished

Table legend:
 A = Non-vault XP
 B = Vault XP
 C = Vault XP percentage of total XP
 D = Non-vault monster count
 E = Vault monster count
 F = Vault count percentage of total count
                 A         B        C        D         E       F
            +---------+---------+-------+---------+---------+-------
      Total |   34554 |   14117 |  29.0 |     256 |      59 |  18.7
            +---------+---------+-------+---------+---------+-------
        D:1 |       9 |       0 |   0.0 |       6 |       0 |   0.0
        D:2 |      32 |       0 |   0.0 |      16 |       0 |   0.0
        D:3 |      21 |     272 |  92.8 |      10 |       1 |   9.1
        D:4 |     500 |      36 |   6.7 |      29 |       1 |   3.3
        D:5 |     466 |    1240 |  72.7 |       8 |       8 |  50.0
        D:6 |    1005 |       0 |   0.0 |      18 |       0 |   0.0
        D:7 |    1384 |     165 |  10.7 |      27 |       1 |   3.6
        D:8 |    2298 |     404 |  15.0 |      24 |       1 |   4.0
        D:9 |    3713 |     254 |   6.4 |      31 |       2 |   6.1
       D:10 |    2038 |     274 |  11.9 |      11 |      11 |  50.0
     Lair:1 |    6394 |       0 |   0.0 |      22 |       0 |   0.0
     Lair:2 |    5083 |    8665 |  63.0 |      15 |      23 |  60.5
     Lair:3 |    2027 |     651 |  24.3 |       8 |       4 |  33.3
     Lair:4 |    8763 |    2066 |  19.1 |      27 |       6 |  18.2
     Lair:5 |     821 |      90 |   9.9 |       4 |       1 |  20.0
            +---------+---------+-------+---------+---------+-------

Illustrated notes

Table legend:
 A = Kills in this place as a percentage of kills in entire the game.
 B = Kills by you in this place as a percentage of kills by you in the entire game.
 C = Kills by friends in this place as a percentage of kills by friends in the entire game.
 D = Other kills in this place as a percentage of other kills in the entire game.
 E = Experience gained in this place as a percentage of experience gained in the entire game.
 F = Experience gained in this place divided by the number of levels of this place that you have seen.
                   A       B       C       D       E      F
               +-------+-------+-------+-------+-------+----------------------
         Total | 100.0 | 100.0 |   N/A |   N/A | 100.0 | 2863.0
       Dungeon |  65.1 |  65.1 |   N/A |   N/A |  29.0 | 1411.1
          Lair |  34.9 |  34.9 |   N/A |   N/A |  71.0 | 6912.0
               +-------+-------+-------+-------+-------+----------------------

Table legend: (Time is in decaauts)
 A = Elapsed time spent in this place.
 B = Non-inter-level travel time spent in this place.
 C = Inter-level travel time spent in this place.
 D = Time resting spent in this place.
 E = Time spent auto-exploring this place.
 F = Levels seen in this place.
 G = Mean time per level.
                   A        B        C        D        E       F      G
               +--------+--------+--------+--------+--------+-----+--------+
         Total |  16542 |  16046 |    496 |   1139 |  12627 |  17 |  973.1 |
       Dungeon |  10039 |   9735 |    304 |    488 |   7948 |  10 | 1003.9 |
        Temple |     23 |     23 |      0 |      0 |      1 |   1 |   23.0 |
          Lair |   6417 |   6225 |    192 |    651 |   4678 |   5 | 1283.4 |
      Gauntlet |     61 |     61 |      0 |      0 |      0 |   1 |   61.0 |
               +--------+--------+--------+--------+--------+-----+--------+

Top non-repeatable levels by time:
  Lair:2: 2253 daAuts
  Lair:4: 1976 daAuts
     D:5: 1503 daAuts
     D:7: 1496 daAuts
     D:9: 1383 daAuts
     D:8: 1207 daAuts
  Lair:1: 1116 daAuts
    D:10: 1005 daAuts
  Lair:3: 969 daAuts
     D:2: 960 daAuts
     D:4: 796 daAuts
     D:3: 793 daAuts
     D:6: 764 daAuts
     D:1: 127 daAuts
  Lair:5: 101 daAuts
